Sharks vs Rangers
Created - 14 décembre 2014 at 19:16
Goals
|
Sharks |
0 |
1 |
3 |
4 |
Rangers |
0 |
0 |
1 |
1 |
|
Shots
|
Sharks |
8 |
8 |
13 |
29 |
Rangers |
12 |
6 |
6 |
24 |
|
1st period
No Goal
Penalties :
Markus Naslund (SJS) for Hooking (Minor) at 0:52, Jakob Silfverberg (NYR) for Slashing (Minor) at 3:27, Johnny Boychuk (SJS) for Hooking (Minor) at 5:55, Tyler Weiman (SJS) for Slashing (Minor) at 9:41 - Dany Heatley served the penalty, Kimmo Timonen (NYR) for Holding (Minor) at 15:00, Mike Cammalleri (NYR) for Diving (Minor) at 19:32
2nd period
1. Sharks , Alex Pietrangelo 9 (Lasse Kukkonen, Dany Heatley) at 4:44 (PP)
Penalties :
Alexandre Burrows (NYR) for Roughing (Minor) at 4:35, David Hale (SJS) for Slashing (Minor) at 10:15
3rd period
2. Sharks , Dany Heatley 17 (David Legwand, Daniel Alfredsson) at 2:19
3. Rangers , Patrice Bergeron 10 (Cam Barker) at 2:31
4. Sharks , Daniel Alfredsson 6 (Martin Samuelsson, Lasse Kukkonen) at 18:31
5. Sharks , Martin Samuelsson 5 (Ted Purcell, Patrick O'Sullivan) at 19:49
Penalties :
Dany Heatley (SJS) for Hooking (Minor) at 2:53, Alexandre Burrows (NYR) for Unsportsmanlike conduct (Major / Game Misconduct) at 9:03
Goalie Stats
Tyler Weiman (SJS), 23 saves from 24 shots - (0,958), W, 12-16-0, 60:00 minutes
Henrik Lundqvist (NYR), 25 saves from 29 shots - (0,862), L, 11-17-3, 60:00 minutes
Players Stats for Sharks
Player Name G A P +/- PIM S H SB GA TA FO MP PP MP PK MP
------------------------------------------------------------------------------------
Adam Mair 0 0 0 0 0 1 2 0 0 0 4/4 10:13 0:44 3:03
Adam Pardy 0 0 0 0 0 0 0 1 0 0 0/0 13:21 0:32 3:43
Alex Pietrangelo 1 0 1 0 0 4 1 1 0 1 0/0 21:43 6:55 0:06
Alexander Radulov 0 0 0 0 0 2 0 0 1 0 0/0 7:35 1:00 0:16
Brandon Yip 0 0 0 0 0 2 1 0 0 0 0/0 14:24 4:15 0:00
Daniel Alfredsson 1 1 2 1 0 1 1 1 0 0 2/4 21:21 5:50 2:03
Dany Heatley 1 1 2 1 2 3 3 3 1 0 2/6 21:49 6:04 2:09
David Hale 0 0 0 2 2 0 0 0 0 0 0/0 19:55 3:38 2:13
David Legwand 0 1 1 1 0 2 0 1 1 0 11/26 23:02 5:50 3:43
Johnny Boychuk 0 0 0 2 2 2 1 2 0 0 0/0 21:34 3:38 3:53
Kyle Wellwood 0 0 0 0 0 4 1 0 0 1 6/11 15:17 4:15 1:04
Lasse Kukkonen 0 2 2 0 0 2 1 1 0 1 0/0 26:45 6:55 4:52
Markus Naslund 0 0 0 0 2 2 2 0 0 1 0/0 17:09 4:15 2:55
Martin Samuelsson 1 1 2 1 0 3 2 0 0 0 2/3 13:55 0:16 4:16
Nigel Dawes 0 0 0 0 0 0 0 0 0 0 0/0 7:01 0:00 0:49
Patrick O'Sullivan 0 1 1 1 0 0 1 0 0 0 2/4 9:27 0:00 0:09
Shaone Morrisonn 0 0 0 0 0 0 2 0 0 0 0/0 15:12 0:32 4:26
Ted Purcell 0 1 1 1 0 1 0 0 0 0 0/0 10:18 0:46 0:00
Players Stats for Rangers
Player Name G A P +/- PIM S H SB GA TA FO MP PP MP PK MP
------------------------------------------------------------------------------------
Alexandre Burrows 0 0 0 0 17 4 2 0 0 0 0/2 13:13 4:43 0:22
Alexei Emelin 0 0 0 0 0 1 1 0 1 0 0/0 13:55 1:36 1:16
Brad Richards 0 0 0 0 0 2 2 1 0 0 14/32 23:14 4:18 6:09
Cam Barker 0 1 1 -1 0 4 1 3 1 0 0/0 26:22 5:05 6:32
Drew Stafford 0 0 0 -1 0 0 1 0 0 0 2/3 14:39 4:43 0:00
Igor Radulov 0 0 0 0 0 0 1 0 0 0 0/0 9:15 0:31 1:04
Jakob Silfverberg 0 0 0 -1 2 1 0 0 0 1 0/0 8:29 0:44 0:00
Johan Franzen 0 0 0 0 0 0 4 0 0 0 1/1 20:23 4:18 3:11
Kimmo Timonen 0 0 0 -1 2 0 1 1 1 0 0/0 19:21 3:14 3:17
Mark Fistric 0 0 0 -1 0 1 1 1 0 0 0/0 20:28 3:14 4:01
Matt Read 0 0 0 -1 0 3 0 0 0 0 1/1 11:16 0:10 1:45
Mike Cammalleri 0 0 0 0 2 2 1 0 1 0 1/2 20:05 4:18 2:45
Nathan Gerbe 0 0 0 0 0 1 1 0 0 0 0/0 8:41 0:00 0:00
Patrice Bergeron 1 0 1 -1 0 3 1 2 0 0 8/10 20:55 4:41 6:19
Radek Bonk 0 0 0 -1 0 1 2 0 0 0 1/4 10:34 0:46 0:35
Ryan Whitney 0 0 0 -1 0 0 1 3 0 2 0/0 26:11 5:05 6:32
Staffan Kronwall 0 0 0 0 0 0 0 0 0 0 0/0 12:41 1:36 0:32
Valtteri Filppula 0 0 0 -1 0 1 1 0 0 0 1/3 9:08 0:33 0:00
3 Stars
1 - Martin Samuelsson (SJS)
2 - Daniel Alfredsson (SJS)
3 - Dany Heatley (SJS)
Power Play
Sharks - 1 on 5 Attempt(s) - 20,00%
Rangers - 0 on 5 Attempt(s) - 0,00%
Penalty Kill
Sharks - 5 on 5 Attempt(s) - 100,00%
- Score 0 goal in Penalty Kill
Rangers - 4 on 5 Attempt(s) - 80,00%
- Score 0 goal in Penalty Kill
Official
Referees : Banfield David and Martell Rob
Linesman : Ryan Galloway and Lyle Seitz
Game Notes
Alexandre Burrows ejected from game at 9:03 of 3rd period
Finance
Level 1 -- Attendance: 4932 (82,20%) -- Ticket Income 443 880 $
Level 2 -- Attendance: 3761 (75,22%) -- Ticket Income 206 855 $
Level 3 -- Attendance: 1761 (88,05%) -- Ticket Income 52 830 $
Level 4 -- Attendance: 4000 (100,00%) -- Ticket Income 80 000 $
Luxury Box -- Attendance: 783 (78,30%) -- Ticket Income 137 025 $
Game was played at the Madison Square Garden
Total Attendance: 15237 (84,65%)
Total Ticket Income: 920 590 $
Other Income: 138 088 $
Total Income: 1 058 678 $
Sharks
5 vs 5 Forward
Center Left Wing Right Wing Time % Phy DF OF
1 David Legwand Dany Heatley Daniel Alfredsson 40 1 2 2
2 Kyle Wellwood Markus Naslund Brandon Yip 30 1 2 2
3 Patrick O'Sullivan Martin Samuelsson Ted Purcell 20 1 2 2
4 Adam Mair Nigel Dawes Alexander Radulov 10 1 2 2
5 vs 5 Defense
Defense Defense Time % Phy DF OF
1 Alex Pietrangelo Lasse Kukkonen 40 1 2 2
2 David Hale Johnny Boychuk 30 1 2 2
3 Shaone Morrisonn Adam Pardy 20 1 2 2
4 Johnny Boychuk Alex Pietrangelo 10 1 2 2
PowerPlay Forward
Center Left Wing Right Wing Time % Phy DF OF
1 David Legwand Dany Heatley Daniel Alfredsson 60 0 2 3
2 Kyle Wellwood Markus Naslund Brandon Yip 40 0 2 3
PowerPlay Defense
Defense Defense Time % Phy DF OF
1 Alex Pietrangelo Lasse Kukkonen 60 1 2 2
2 David Hale Johnny Boychuk 40 1 2 2
Penalty Kill 4 Players Forward
Center Wing Time % Phy DF OF
1 Dany Heatley David Legwand 60 1 4 0
2 Martin Samuelsson Daniel Alfredsson 40 1 4 0
Penalty Kill 4 Players Defense
Defense Defense Time % Phy DF OF
1 Johnny Boychuk Lasse Kukkonen 60 1 4 0
2 David Hale Shaone Morrisonn 40 1 4 0
Penalty Kill - 3 Players Forward
Forward Time % Phy DF OF
1 Dany Heatley 60 1 4 0
2 David Legwand 40 1 4 0
Penalty Kill - 3 Players Defense
Defense Defense Time % Phy DF OF
1 Johnny Boychuk Lasse Kukkonen 60 1 4 0
2 David Hale Shaone Morrisonn 40 1 4 0
4 vs 4 Forward
Center Wing Time % Phy DF OF
1 Dany Heatley David Legwand 60 1 2 2
2 Kyle Wellwood Daniel Alfredsson 40 1 2 2
4 vs 4 Defense
Defense Defense Time % Phy DF OF
1 Alex Pietrangelo Lasse Kukkonen 60 1 2 2
2 David Hale Shaone Morrisonn 40 1 2 2
Last Minutes Offensive
Center Left Wing Right Wing Defense Defense
David Legwand Dany Heatley Daniel Alfredsson Alex Pietrangelo Lasse Kukkonen
Last Minutes Defensive
Center Left Wing Right Wing Defense Defense
David Legwand Dany Heatley Daniel Alfredsson Johnny Boychuk Lasse Kukkonen
Goaltenders
Starting : Tyler Weiman
Backup : Mike Brodeur
Extra Forwards
Normal : Alexander Radulov, Ted Purcell, Martin Samuelsson - PP : Kyle Wellwood, Ted Purcell - PK : Martin Samuelsson
Extra Defensemen
Normal : Shaone Morrisonn, Adam Pardy, David Hale - PP : Shaone Morrisonn - PK : Adam Pardy, David Hale
Penalty Shots
Dany Heatley, Ted Purcell, Daniel Alfredsson, Markus Naslund, Brandon Yip
Rangers
5 vs 5 Forward
Center Left Wing Right Wing Time % Phy DF OF
1 Brad Richards Mike Cammalleri Johan Franzen 35 1 2 2
2 Patrice Bergeron Alexandre Burrows Drew Stafford 30 1 2 2
3 Radek Bonk Nathan Gerbe Matt Read 20 1 2 2
4 Valtteri Filppula Igor Radulov Jakob Silfverberg 15 1 2 2
5 vs 5 Defense
Defense Defense Time % Phy DF OF
1 Cam Barker Ryan Whitney 35 1 2 2
2 Kimmo Timonen Mark Fistric 30 1 2 2
3 Staffan Kronwall Alexei Emelin 25 1 2 2
4 Cam Barker Ryan Whitney 10 1 2 2
PowerPlay Forward
Center Left Wing Right Wing Time % Phy DF OF
1 Brad Richards Mike Cammalleri Johan Franzen 60 1 2 2
2 Patrice Bergeron Alexandre Burrows Drew Stafford 40 1 2 2
PowerPlay Defense
Defense Defense Time % Phy DF OF
1 Cam Barker Ryan Whitney 60 1 2 2
2 Kimmo Timonen Mark Fistric 40 1 2 2
Penalty Kill 4 Players Forward
Center Wing Time % Phy DF OF
1 Brad Richards Patrice Bergeron 60 1 2 2
2 Mike Cammalleri Johan Franzen 40 1 2 2
Penalty Kill 4 Players Defense
Defense Defense Time % Phy DF OF
1 Cam Barker Ryan Whitney 60 1 2 2
2 Kimmo Timonen Mark Fistric 40 1 2 2
Penalty Kill - 3 Players Forward
Forward Time % Phy DF OF
1 Brad Richards 60 1 2 2
2 Patrice Bergeron 40 1 2 2
Penalty Kill - 3 Players Defense
Defense Defense Time % Phy DF OF
1 Cam Barker Ryan Whitney 60 1 2 2
2 Kimmo Timonen Mark Fistric 40 1 2 2
4 vs 4 Forward
Center Wing Time % Phy DF OF
1 Brad Richards Patrice Bergeron 60 1 2 2
2 Mike Cammalleri Johan Franzen 40 1 2 2
4 vs 4 Defense
Defense Defense Time % Phy DF OF
1 Cam Barker Ryan Whitney 60 1 2 2
2 Kimmo Timonen Mark Fistric 40 1 2 2
Last Minutes Offensive
Center Left Wing Right Wing Defense Defense
Brad Richards Mike Cammalleri Johan Franzen Cam Barker Ryan Whitney
Last Minutes Defensive
Center Left Wing Right Wing Defense Defense
Brad Richards Mike Cammalleri Johan Franzen Cam Barker Ryan Whitney
Goaltenders
Starting : Henrik Lundqvist
Backup : Hannu Toivonen
Extra Forwards
Normal : Radek Bonk, Valtteri Filppula, Matt Read - PP : Radek Bonk, Valtteri Filppula - PK : Matt Read
Extra Defensemen
Normal : Staffan Kronwall, Alexei Emelin, Kimmo Timonen - PP : Staffan Kronwall - PK : Alexei Emelin, Kimmo Timonen
Penalty Shots
Brad Richards, Patrice Bergeron, Mike Cammalleri, Johan Franzen, Drew Stafford
% Time on Ice - Sharks
Lines # - Real PCT - Wanted PCT - Time Play
Normal Forward
1 - 35% - 40% - 13:40
2 - 25% - 30% - 9:34
3 - 25% - 20% - 9:39
4 - 16% - 10% - 6:07
Normal Defense
1 - 40% - 40% - 15:29
2 - 36% - 30% - 14:13
3 - 21% - 20% - 8:15
4 - 3% - 10% - 1:03
PP Forward
1 - 60% - 60% - 6:37
2 - 40% - 40% - 4:28
PP Defense
1 - 67% - 60% - 7:27
2 - 33% - 40% - 3:38
PK Forward
1 - 65% - 60% - 6:28
2 - 35% - 40% - 3:27
PK Defense
1 - 50% - 60% - 4:58
2 - 50% - 40% - 4:57
PK3 Forward
1 - 0% - 60%
2 - 0% - 40%
PK3 Defense
1 - 0% - 60%
2 - 0% - 40%
44 Forward
1 - 0% - 60%
2 - 0% - 40%
44 Defense
1 - 0% - 60%
2 - 0% - 40%
Last Minute Offensive - 0:00
Last Minute Defensive - 0:00
Total
Forward - 60:00
Defense - 60:00
|
% Time on Ice - Rangers
Lines # - Real PCT - Wanted PCT - Time Play
Normal Forward
1 - 33% - 35% - 13:00
2 - 28% - 30% - 11:02
3 - 21% - 20% - 8:12
4 - 17% - 15% - 6:46
Normal Defense
1 - 39% - 35% - 15:03
2 - 35% - 30% - 13:28
3 - 27% - 25% - 10:29
4 - 0% - 10% - 0:00
PP Forward
1 - 43% - 60% - 4:18
2 - 57% - 40% - 5:37
PP Defense
1 - 59% - 60% - 5:51
2 - 41% - 40% - 4:04
PK Forward
1 - 71% - 60% - 7:54
2 - 29% - 40% - 3:11
PK Defense
1 - 59% - 60% - 6:35
2 - 41% - 40% - 4:30
PK3 Forward
1 - 0% - 60%
2 - 0% - 40%
PK3 Defense
1 - 0% - 60%
2 - 0% - 40%
44 Forward
1 - 0% - 60%
2 - 0% - 40%
44 Defense
1 - 0% - 60%
2 - 0% - 40%
Last Minute Offensive - 0:00
Last Minute Defensive - 0:00
Total
Forward - 60:00
Defense - 60:00
|
Play by Play
1st period
0:01 of 1st period - Brad Richards wins face-off versus Daniel Alfredsson in neutral zone.
0:29 of 1st period - Backhand shot by Alex Pietrangelo.
0:29 of 1st period - Stopped by Henrik Lundqvist without a rebound.
0:30 of 1st period - Patrice Bergeron wins face-off versus Kyle Wellwood in Rangers zone.
0:52 of 1st period - Minor Penalty to Markus Naslund for Hooking.
0:53 of 1st period - Dany Heatley wins face-off versus Brad Richards in Sharks zone.
1:00 of 1st period - Off-side.
1:01 of 1st period - Brad Richards wins face-off versus Dany Heatley in neutral zone.
1:22 of 1st period - Johnny Boychuk is hit by Johan Franzen.
1:34 of 1st period - David Hale is hit by Brad Richards and loses puck.
1:41 of 1st period - Wrist shot by Mike Cammalleri.
1:41 of 1st period - Deflect By Shaone Morrisonn.
1:41 of 1st period - Stopped by Tyler Weiman without a rebound.
1:42 of 1st period - Patrice Bergeron wins face-off versus Dany Heatley in Sharks zone.
2:52 of 1st period - Penalty to Markus Naslund is over, Markus Naslund is back on ice.
3:05 of 1st period - David Hale is hit by Kimmo Timonen and loses puck.
3:27 of 1st period - Minor Penalty to Jakob Silfverberg for Slashing.
3:28 of 1st period - Brad Richards wins face-off versus David Legwand in Rangers zone.
3:42 of 1st period - Snap shot by David Legwand.
3:42 of 1st period - Shot Misses the Net.
3:44 of 1st period - Slapshot by Dany Heatley.
3:44 of 1st period - Stopped by Henrik Lundqvist with a rebound.
4:02 of 1st period - Ryan Whitney is hit by Brandon Yip.
5:14 of 1st period - David Legwand is hit by Alexandre Burrows and loses puck.
5:27 of 1st period - Penalty to Jakob Silfverberg is over, Jakob Silfverberg is back on ice.
5:55 of 1st period - Minor Penalty to Johnny Boychuk for Hooking.
5:56 of 1st period - Brad Richards wins face-off versus Dany Heatley in Sharks zone.
6:14 of 1st period - Slapshot by Ryan Whitney.
6:14 of 1st period - Shot Blocked by Lasse Kukkonen.
6:16 of 1st period - Slapshot by Patrice Bergeron.
6:16 of 1st period - Stopped by Tyler Weiman with a rebound.
6:18 of 1st period - Slapshot by Ryan Whitney.
6:18 of 1st period - Shot Misses the Net.
6:20 of 1st period - Snap shot by Alexandre Burrows.
6:20 of 1st period - Shot Misses the Net.
6:36 of 1st period - Johan Franzen is hit by Shaone Morrisonn and loses puck.
7:35 of 1st period - Ryan Whitney is hit by Markus Naslund and loses puck.
7:55 of 1st period - Penalty to Johnny Boychuk is over, Johnny Boychuk is back on ice.
8:10 of 1st period - Wrist shot by Ted Purcell.
8:10 of 1st period - Shot Blocked by Cam Barker.
8:22 of 1st period - Matt Read is hit by Alex Pietrangelo and loses puck.
8:55 of 1st period - Slapshot by Ryan Whitney.
8:55 of 1st period - Shot Misses the Net.
8:57 of 1st period - Slapshot by Cam Barker.
8:57 of 1st period - Deflect By Matt Read.
8:57 of 1st period - Stopped by Tyler Weiman with a rebound.
9:01 of 1st period - Snap shot by Nathan Gerbe.
9:01 of 1st period - Shot Blocked by David Legwand.
9:03 of 1st period - Snap shot by Ryan Whitney.
9:03 of 1st period - Shot Blocked by Johnny Boychuk.
9:09 of 1st period - Snap shot by Nathan Gerbe.
9:09 of 1st period - Deflect By Matt Read.
9:09 of 1st period - Stopped by Tyler Weiman with a rebound.
9:11 of 1st period - Slapshot by Cam Barker.
9:11 of 1st period - Deflect By David Legwand.
9:11 of 1st period - Stopped by Tyler Weiman with a rebound.
9:13 of 1st period - Slapshot by Cam Barker.
9:13 of 1st period - Deflect By David Legwand.
9:13 of 1st period - Stopped by Tyler Weiman with a rebound.
9:15 of 1st period - Slapshot by Ryan Whitney.
9:15 of 1st period - Shot Misses the Net.
9:17 of 1st period - Slapshot by Cam Barker.
9:17 of 1st period - Stopped by Tyler Weiman with a rebound.
9:19 of 1st period - Snap shot by Ryan Whitney.
9:19 of 1st period - Shot Blocked by Johnny Boychuk.
9:21 of 1st period - Wrist shot by Radek Bonk.
9:21 of 1st period - Stopped by Tyler Weiman with a rebound.
9:23 of 1st period - Slapshot by Cam Barker.
9:23 of 1st period - Shot Misses the Net.
9:41 of 1st period - Slapshot by Cam Barker.
9:41 of 1st period - Stopped by Tyler Weiman without a rebound.
9:41 of 1st period - Minor Penalty to Tyler Weiman for Slashing.
9:42 of 1st period - Martin Samuelsson wins face-off versus Brad Richards in Sharks zone.
10:13 of 1st period - Drew Stafford is hit by Martin Samuelsson and loses puck.
10:44 of 1st period - Icing by Mike Cammalleri.
10:45 of 1st period - Adam Mair wins face-off versus Brad Richards in Rangers zone.
11:41 of 1st period - Penalty to Dany Heatley is over, Dany Heatley is back on ice.
11:49 of 1st period - Johnny Boychuk is hit by Valtteri Filppula and loses puck.
11:56 of 1st period - Wrist shot by Valtteri Filppula.
11:56 of 1st period - Stopped by Tyler Weiman with a rebound.
11:58 of 1st period - Wrist shot by Valtteri Filppula.
11:58 of 1st period - Shot Misses the Net.
12:08 of 1st period - Markus Naslund is hit by Alexei Emelin and loses puck.
12:22 of 1st period - Icing by Cam Barker.
12:23 of 1st period - Patrice Bergeron wins face-off versus Dany Heatley in Rangers zone.
12:33 of 1st period - Off-side.
12:34 of 1st period - Brad Richards wins face-off versus David Legwand in neutral zone.
12:37 of 1st period - Snap shot by Brad Richards.
12:37 of 1st period - Stopped by Tyler Weiman without a rebound.
12:38 of 1st period - Brad Richards wins face-off versus David Legwand in Sharks zone.
12:45 of 1st period - David Legwand is hit by Johan Franzen and loses puck.
13:10 of 1st period - Kyle Wellwood is hit by Drew Stafford.
13:36 of 1st period - Lasse Kukkonen is hit by Patrice Bergeron.
13:52 of 1st period - Snap shot by David Legwand.
13:52 of 1st period - Stopped by Henrik Lundqvist without a rebound.
13:53 of 1st period - Brad Richards wins face-off versus David Legwand in Rangers zone.
14:00 of 1st period - David Hale is hit by Johan Franzen and loses puck.
14:41 of 1st period - Wrist shot by Kyle Wellwood.
14:41 of 1st period - Shot Misses the Net.
14:43 of 1st period - Wrist shot by Kyle Wellwood.
14:43 of 1st period - Stopped by Henrik Lundqvist with a rebound.
14:45 of 1st period - Wrist shot by Markus Naslund.
14:45 of 1st period - Stopped by Henrik Lundqvist without a rebound.
14:46 of 1st period - Brad Richards wins face-off versus Kyle Wellwood in Rangers zone.
14:57 of 1st period - Backhand shot by Lasse Kukkonen.
14:57 of 1st period - Deflect By Markus Naslund.
14:57 of 1st period - Shot Blocked by Brad Richards.
14:57 of 1st period - Puck is out of play.
14:58 of 1st period - Johan Franzen wins face-off versus David Legwand in Rangers zone.
15:00 of 1st period - Minor Penalty to Kimmo Timonen for Holding.
15:01 of 1st period - Daniel Alfredsson wins face-off versus Brad Richards in Rangers zone.
15:13 of 1st period - Snap shot by David Legwand.
15:13 of 1st period - Shot Blocked by Cam Barker.
15:15 of 1st period - Snap shot by David Legwand.
15:15 of 1st period - Deflect By Daniel Alfredsson.
15:15 of 1st period - Shot Blocked by Cam Barker.
15:15 of 1st period - Puck is out of play.
15:16 of 1st period - David Legwand wins face-off versus Brad Richards in Rangers zone.
15:23 of 1st period - Wrist shot by David Legwand.
15:23 of 1st period - Shot Blocked by Patrice Bergeron.
15:49 of 1st period - Snap shot by Kyle Wellwood.
15:49 of 1st period - Stopped by Henrik Lundqvist without a rebound.
15:50 of 1st period - Mike Cammalleri wins face-off versus David Legwand in Rangers zone.
16:19 of 1st period - Mike Cammalleri is hit by Kyle Wellwood and loses puck.
16:49 of 1st period - Icing by Kyle Wellwood.
16:50 of 1st period - David Legwand wins face-off versus Brad Richards in Sharks zone.
17:00 of 1st period - Penalty to Kimmo Timonen is over, Kimmo Timonen is back on ice.
17:07 of 1st period - Snap shot by Kyle Wellwood.
17:07 of 1st period - Shot Misses the Net.
17:51 of 1st period - Slapshot by Martin Samuelsson.
17:51 of 1st period - Stopped by Henrik Lundqvist with a rebound.
18:09 of 1st period - Slapshot by Dany Heatley.
18:09 of 1st period - Shot Blocked by Ryan Whitney.
18:39 of 1st period - Icing by Igor Radulov.
18:40 of 1st period - Valtteri Filppula wins face-off versus David Legwand in Rangers zone.
18:49 of 1st period - Backhand shot by David Legwand.
18:49 of 1st period - Stopped by Henrik Lundqvist with a rebound.
19:05 of 1st period - Snap shot by Alexei Emelin.
19:05 of 1st period - Shot Misses the Net.
19:07 of 1st period - Slapshot by Staffan Kronwall.
19:07 of 1st period - Shot Blocked by Dany Heatley.
19:09 of 1st period - Slapshot by Alexei Emelin.
19:09 of 1st period - Stopped by Tyler Weiman without a rebound.
19:10 of 1st period - Kyle Wellwood wins face-off versus Brad Richards in Sharks zone.
19:32 of 1st period - Minor Penalty to Mike Cammalleri for Diving.
19:33 of 1st period - Brad Richards wins face-off versus David Legwand in Rangers zone.
19:33 of 1st period - Brad Richards is hit by Lasse Kukkonen.
19:43 of 1st period - Patrice Bergeron is hit by Dany Heatley.
Goals for this period are 0 for Sharks vs 0 for Rangers.
Shots for this period are 8 for Sharks vs 12 for Rangers.
2nd period
0:01 of 2nd period - David Legwand wins face-off versus Brad Richards in neutral zone.
1:32 of 2nd period - Penalty to Mike Cammalleri is over, Mike Cammalleri is back on ice.
2:04 of 2nd period - Johnny Boychuk is hit by Cam Barker and loses puck.
2:44 of 2nd period - Cam Barker is hit by Dany Heatley.
2:53 of 2nd period - Icing by Ryan Whitney.
2:54 of 2nd period - Brad Richards wins face-off versus Kyle Wellwood in Rangers zone.
3:19 of 2nd period - Snap shot by Matt Read.
3:19 of 2nd period - Deflect By Nathan Gerbe.
3:19 of 2nd period - Shot Misses the Net.
3:19 of 2nd period - Puck is out of play.
3:20 of 2nd period - David Legwand wins face-off versus Radek Bonk in Sharks zone.
3:49 of 2nd period - Slapshot by Nathan Gerbe.
3:49 of 2nd period - Stopped by Tyler Weiman without a rebound.
3:50 of 2nd period - David Legwand wins face-off versus Brad Richards in Sharks zone.
4:24 of 2nd period - Wrist shot by Markus Naslund.
4:24 of 2nd period - Stopped by Henrik Lundqvist without a rebound.
4:25 of 2nd period - Kyle Wellwood wins face-off versus Patrice Bergeron in Rangers zone.
4:32 of 2nd period - Wrist shot by Kyle Wellwood.
4:32 of 2nd period - Stopped by Henrik Lundqvist without a rebound.
4:33 of 2nd period - Patrice Bergeron wins face-off versus Kyle Wellwood in Rangers zone.
4:35 of 2nd period - Minor Penalty to Alexandre Burrows for Roughing.
4:36 of 2nd period - David Legwand wins face-off versus Brad Richards in Rangers zone.
4:38 of 2nd period - Slapshot by Dany Heatley.
4:38 of 2nd period - Shot Misses the Net.
4:40 of 2nd period - Slapshot by Alex Pietrangelo.
4:40 of 2nd period - Shot Blocked by Patrice Bergeron.
4:42 of 2nd period - Slapshot by Lasse Kukkonen.
4:42 of 2nd period - Stopped by Henrik Lundqvist with a rebound.
4:44 of 2nd period - Wrist shot by Alex Pietrangelo.
4:44 of 2nd period - Goal by Alex Pietrangelo - Sharks : 1 - Rangers : 0.
4:45 of 2nd period - Brad Richards wins face-off versus David Legwand in neutral zone.
4:52 of 2nd period - Wrist shot by Brad Richards.
4:52 of 2nd period - Shot Blocked by Alex Pietrangelo.
4:54 of 2nd period - Wrist shot by Brad Richards.
4:54 of 2nd period - Shot Misses the Net.
4:56 of 2nd period - Slapshot by Mark Fistric.
4:56 of 2nd period - Shot Misses the Net.
4:58 of 2nd period - Snap shot by Mike Cammalleri.
4:58 of 2nd period - Stopped by Tyler Weiman with a rebound.
5:00 of 2nd period - Snap shot by Johan Franzen.
5:00 of 2nd period - Shot Blocked by Dany Heatley.
5:10 of 2nd period - Drew Stafford is hit by Markus Naslund.
5:20 of 2nd period - Wrist shot by Alexandre Burrows.
5:20 of 2nd period - Stopped by Tyler Weiman without a rebound.
5:21 of 2nd period - Kyle Wellwood wins face-off versus Brad Richards in Sharks zone.
5:21 of 2nd period - Kyle Wellwood is hit by Johan Franzen.
5:29 of 2nd period - Wrist shot by Brandon Yip.
5:29 of 2nd period - Stopped by Henrik Lundqvist with a rebound.
6:12 of 2nd period - Snap shot by Ted Purcell.
6:12 of 2nd period - Shot Misses the Net.
6:30 of 2nd period - Wrist shot by Martin Samuelsson.
6:30 of 2nd period - Stopped by Henrik Lundqvist with a rebound.
6:34 of 2nd period - Snap shot by Adam Mair.
6:34 of 2nd period - Stopped by Henrik Lundqvist without a rebound.
6:35 of 2nd period - Adam Mair wins face-off versus Brad Richards in Rangers zone.
6:45 of 2nd period - Slapshot by Lasse Kukkonen.
6:45 of 2nd period - Deflect By Brad Richards.
6:45 of 2nd period - Stopped by Henrik Lundqvist without a rebound.
6:46 of 2nd period - David Legwand wins face-off versus Brad Richards in Rangers zone.
6:54 of 2nd period - Off-side.
6:55 of 2nd period - David Legwand wins face-off versus Brad Richards in neutral zone.
7:55 of 2nd period - Snap shot by Brad Richards.
7:55 of 2nd period - Stopped by Tyler Weiman with a rebound.
8:07 of 2nd period - Slapshot by Alex Pietrangelo.
8:07 of 2nd period - Shot Misses the Net.
8:19 of 2nd period - Slapshot by Alex Pietrangelo.
8:19 of 2nd period - Shot Blocked by Kimmo Timonen.
8:31 of 2nd period - Slapshot by Alex Pietrangelo.
8:31 of 2nd period - Shot Misses the Net.
9:01 of 2nd period - David Legwand is hit by Mike Cammalleri and loses puck.
9:18 of 2nd period - Alex Pietrangelo is hit by Mark Fistric.
9:26 of 2nd period - Backhand shot by Brad Richards.
9:26 of 2nd period - Shot Misses the Net.
9:28 of 2nd period - Slapshot by Mark Fistric.
9:28 of 2nd period - Shot Hit the Post.
9:30 of 2nd period - Slapshot by Kimmo Timonen.
9:30 of 2nd period - Shot Blocked by Daniel Alfredsson.
9:46 of 2nd period - Snap shot by Brad Richards.
9:46 of 2nd period - Shot Blocked by Dany Heatley.
10:03 of 2nd period - Off-side.
10:04 of 2nd period - Kyle Wellwood wins face-off versus Drew Stafford in neutral zone.
10:15 of 2nd period - Minor Penalty to David Hale for Slashing.
10:16 of 2nd period - Drew Stafford wins face-off versus Martin Samuelsson in Sharks zone.
10:23 of 2nd period - Slapshot by Cam Barker.
10:23 of 2nd period - Shot Blocked by Adam Pardy.
10:25 of 2nd period - Backhand shot by Ryan Whitney.
10:25 of 2nd period - Deflect By Alexandre Burrows.
10:25 of 2nd period - Stopped by Tyler Weiman with a rebound.
10:27 of 2nd period - Slapshot by Ryan Whitney.
10:27 of 2nd period - Shot Misses the Net.
10:29 of 2nd period - Wrist shot by Alexandre Burrows.
10:29 of 2nd period - Stopped by Tyler Weiman with a rebound.
10:31 of 2nd period - Slapshot by Alexandre Burrows.
10:31 of 2nd period - Shot Misses the Net.
12:15 of 2nd period - Penalty to David Hale is over, David Hale is back on ice.
13:13 of 2nd period - Adam Mair is hit by Alexandre Burrows and loses puck.
19:10 of 2nd period - Staffan Kronwall is hit by Adam Mair and loses puck.
Goals for this period are 1 for Sharks vs 0 for Rangers.
Shots for this period are 8 for Sharks vs 6 for Rangers.
3rd period
0:01 of 3rd period - Daniel Alfredsson wins face-off versus Alexandre Burrows in neutral zone.
0:25 of 3rd period - Icing by Brad Richards.
0:26 of 3rd period - Kyle Wellwood wins face-off versus Brad Richards in Rangers zone.
0:33 of 3rd period - Slapshot by Brandon Yip.
0:33 of 3rd period - Stopped by Henrik Lundqvist with a rebound.
0:53 of 3rd period - Staffan Kronwall is hit by Dany Heatley and loses puck.
1:09 of 3rd period - Icing by Patrice Bergeron.
1:10 of 3rd period - Drew Stafford wins face-off versus Patrick O'Sullivan in Rangers zone.
1:32 of 3rd period - Alexei Emelin is hit by Martin Samuelsson and loses puck.
2:03 of 3rd period - Snap shot by Ted Purcell.
2:03 of 3rd period - Stopped by Henrik Lundqvist without a rebound.
2:04 of 3rd period - David Legwand wins face-off versus Alexandre Burrows in Rangers zone.
2:19 of 3rd period - Snap shot by Dany Heatley.
2:19 of 3rd period - Goal by Dany Heatley - Sharks : 2 - Rangers : 0.
2:20 of 3rd period - Patrice Bergeron wins face-off versus David Legwand in neutral zone.
2:31 of 3rd period - Snap shot by Patrice Bergeron.
2:31 of 3rd period - Goal by Patrice Bergeron - Sharks : 2 - Rangers : 1.
2:32 of 3rd period - Patrice Bergeron wins face-off versus David Legwand in neutral zone.
2:39 of 3rd period - Snap shot by Drew Stafford.
2:39 of 3rd period - Shot Misses the Net.
2:41 of 3rd period - Wrist shot by Patrice Bergeron.
2:41 of 3rd period - Shot Misses the Net.
2:43 of 3rd period - Slapshot by Drew Stafford.
2:43 of 3rd period - Shot Misses the Net.
2:45 of 3rd period - Slapshot by Ryan Whitney.
2:45 of 3rd period - Shot Misses the Net.
2:47 of 3rd period - Snap shot by Drew Stafford.
2:47 of 3rd period - Shot Misses the Net.
2:53 of 3rd period - Minor Penalty to Dany Heatley for Hooking.
2:54 of 3rd period - Martin Samuelsson wins face-off versus Brad Richards in Sharks zone.
4:53 of 3rd period - Penalty to Dany Heatley is over, Dany Heatley is back on ice.
4:55 of 3rd period - David Hale is hit by Brad Richards and loses puck.
5:06 of 3rd period - Snap shot by Matt Read.
5:06 of 3rd period - Stopped by Tyler Weiman without a rebound.
5:07 of 3rd period - David Legwand wins face-off versus Radek Bonk in Sharks zone.
5:07 of 3rd period - David Legwand is hit by Radek Bonk.
5:20 of 3rd period - Daniel Alfredsson is hit by Nathan Gerbe and loses puck.
5:37 of 3rd period - Off-side.
5:38 of 3rd period - Brad Richards wins face-off versus Kyle Wellwood in neutral zone.
5:51 of 3rd period - Slapshot by Shaone Morrisonn.
5:51 of 3rd period - Shot Blocked by Mark Fistric.
6:13 of 3rd period - Wrist shot by Alexandre Burrows.
6:13 of 3rd period - Stopped by Tyler Weiman with a rebound.
6:29 of 3rd period - Snap shot by Valtteri Filppula.
6:29 of 3rd period - Deflect By Jakob Silfverberg.
6:29 of 3rd period - Stopped by Tyler Weiman without a rebound.
6:30 of 3rd period - Adam Mair wins face-off versus Valtteri Filppula in Sharks zone.
6:30 of 3rd period - Adam Mair is hit by Igor Radulov.
6:58 of 3rd period - Alexei Emelin is hit by Johnny Boychuk and loses puck.
7:23 of 3rd period - Slapshot by Alexander Radulov.
7:23 of 3rd period - Stopped by Henrik Lundqvist with a rebound.
7:25 of 3rd period - Slapshot by Johnny Boychuk.
7:25 of 3rd period - Stopped by Henrik Lundqvist with a rebound.
7:29 of 3rd period - Snap shot by Alexander Radulov.
7:29 of 3rd period - Stopped by Henrik Lundqvist without a rebound.
7:30 of 3rd period - Patrice Bergeron wins face-off versus David Legwand in Rangers zone.
7:37 of 3rd period - Snap shot by Patrice Bergeron.
7:37 of 3rd period - Stopped by Tyler Weiman with a rebound.
8:24 of 3rd period - Snap shot by Martin Samuelsson.
8:24 of 3rd period - Shot Blocked by Ryan Whitney.
8:49 of 3rd period - Off-side.
8:50 of 3rd period - Radek Bonk wins face-off versus David Legwand in neutral zone.
9:00 of 3rd period - Off-side.
9:01 of 3rd period - Patrice Bergeron wins face-off versus David Legwand in neutral zone.
9:03 of 3rd period - Major / Game Misconduct Penalty to Alexandre Burrows for Unsportsmanlike conduct.
9:03 of 3rd period - Alexandre Burrows is ejected from game.
9:04 of 3rd period - Brad Richards wins face-off versus Daniel Alfredsson in Rangers zone.
9:20 of 3rd period - Wrist shot by Dany Heatley.
9:20 of 3rd period - Stopped by Henrik Lundqvist without a rebound.
9:21 of 3rd period - Kyle Wellwood wins face-off versus Brad Richards in Rangers zone.
9:34 of 3rd period - Slapshot by Alex Pietrangelo.
9:34 of 3rd period - Stopped by Henrik Lundqvist with a rebound.
9:36 of 3rd period - Slapshot by Alex Pietrangelo.
9:36 of 3rd period - Deflect By Ryan Whitney.
9:36 of 3rd period - Stopped by Henrik Lundqvist without a rebound.
9:37 of 3rd period - Brad Richards wins face-off versus David Legwand in Rangers zone.
10:07 of 3rd period - Off-side.
10:08 of 3rd period - Dany Heatley wins face-off versus Mike Cammalleri in neutral zone.
12:17 of 3rd period - Lasse Kukkonen is hit by Ryan Whitney and loses puck.
14:03 of 3rd period - Penalty to Alexandre Burrows is over, Matt Read is send on ice.
14:32 of 3rd period - Icing by Kimmo Timonen.
14:33 of 3rd period - Adam Mair wins face-off versus Radek Bonk in Rangers zone.
15:12 of 3rd period - Snap shot by Brad Richards.
15:12 of 3rd period - Shot Misses the Net.
15:31 of 3rd period - Patrice Bergeron is hit by Daniel Alfredsson and loses puck.
15:52 of 3rd period - Snap shot by Ted Purcell.
15:52 of 3rd period - Shot Blocked by Ryan Whitney.
17:21 of 3rd period - Mike Cammalleri is hit by Shaone Morrisonn and loses puck.
18:01 of 3rd period - Alexei Emelin is hit by Patrick O'Sullivan and loses puck.
18:29 of 3rd period - Slapshot by Martin Samuelsson.
18:29 of 3rd period - Shot Misses the Net.
18:31 of 3rd period - Snap shot by Daniel Alfredsson.
18:31 of 3rd period - Goal by Daniel Alfredsson - Sharks : 3 - Rangers : 1.
18:32 of 3rd period - Matt Read wins face-off versus Patrick O'Sullivan in neutral zone.
18:41 of 3rd period - Slapshot by Radek Bonk.
18:41 of 3rd period - Shot Misses the Net.
18:43 of 3rd period - Slapshot by Kimmo Timonen.
18:43 of 3rd period - Shot Misses the Net.
18:45 of 3rd period - Wrist shot by Mark Fistric.
18:45 of 3rd period - Stopped by Tyler Weiman without a rebound.
18:46 of 3rd period - Patrick O'Sullivan wins face-off versus Valtteri Filppula in Sharks zone.
19:11 of 3rd period - Nigel Dawes is hit by Radek Bonk.
19:17 of 3rd period - Snap shot by Nathan Gerbe.
19:17 of 3rd period - Shot Misses the Net.
19:23 of 3rd period - Radek Bonk is hit by Adam Mair and loses puck.
19:41 of 3rd period - Wrist shot by Kyle Wellwood.
19:41 of 3rd period - Stopped by Henrik Lundqvist with a rebound.
19:43 of 3rd period - Slapshot by Johnny Boychuk.
19:43 of 3rd period - Stopped by Henrik Lundqvist without a rebound.
19:44 of 3rd period - Patrick O'Sullivan wins face-off versus Patrice Bergeron in Rangers zone.
19:49 of 3rd period - Snap shot by Martin Samuelsson.
19:49 of 3rd period - Goal by Martin Samuelsson - Sharks : 4 - Rangers : 1.
19:50 of 3rd period - David Legwand wins face-off versus Brad Richards in neutral zone.
Goals for this period are 3 for Sharks vs 1 for Rangers.
Shots for this period are 13 for Sharks vs 6 for Rangers.
Output by the SimonT Hockey Simulator (STHS) for François Prévost -- Original Page W3C XHTML 1.0 Valid